 Dungeon Crawl Stone Soup version 0.20.1-1-g8b1a95d (webtiles) character file.

459 equalderp2856 the Magician (level 6, -2/25 HPs)
             Began as a Felid Wizard on Sept 30, 2017.
             Killed by nerve-wracking pain
             ... invoked by an orc priest
              (5 damage)
             ... on level 5 of the Dungeon.
             The game lasted 00:36:26 (13469 turns).

equalderp2856 the Magician (Felid Wizard)          Turns: 13469, Time: 00:36:27

Health: -2/25      AC:  2    Str:  3    XL:     6   Next: 78%
Magic:  10/15      EV: 19    Int: 21    God:
Gold:   285        SH:  0    Dex: 15    Spells: 9/16 levels left
                                        Lives:  0   Deaths: 1

rFire    . . .     SeeInvis +   (weapon unavailable)
rCold    . . .     Gourm    .   (shield unavailable)
rNeg     . . .     Faith    .   (armour unavailable)
rPois    .         Spirit   .   (helmet unavailable)
rElec    .         Reflect  .   (cloak unavailable)
rCorr    .         Harm     .   (gloves unavailable)
MR       .....                  (boots unavailable)
Stlth    +++.......             (no amulet)
Regen    0.1/turn               (no ring)
MPRegen  0.2/turn               (no ring)

@: quick
A: no armour, no weapons or thrown items, stealth, claws 1, fangs 3, see
invisible, carnivore 3, speed 1, shaggy fur 2, slow metabolism 1, sharp paws
a: no special abilities


You were on level 5 of the Dungeon.
You were not hungry.

You visited 1 branch of the dungeon, and saw 5 of its levels.

You collected 285 gold pieces.

Inventory:

Jewellery
 u - an uncursed ring of protection from cold {unknown}
Wands
 j - a wand of paralysis (11/24)
Scrolls
 c - a scroll of identify {unknown}
 g - a scroll of recharging {unknown}
 h - a scroll of noise {unknown}
 i - 3 scrolls of magic mapping {unknown}
 l - 4 scrolls of teleportation {unknown}
 n - 2 scrolls of remove curse {unknown}
 o - a scroll of random uselessness {unknown}
 q - a scroll of fear {unknown}
 r - a scroll of blinking {unknown}
Potions
 d - a potion of lignification {unknown}
 e - a potion of cancellation {unknown}
 f - 5 potions of curing {unknown}
 m - 2 potions of brilliance {unknown}
 p - a potion of degeneration {unknown}
 s - 2 potions of berserk rage {unknown}
 t - a potion of heal wounds {unknown}
 v - 2 potions of magic {unknown}
Books
 a - a book of Minor Magic

   Spells                             Type                      Level
   a - Magic Dart                     Conjuration                  1
   b - Blink                          Translocation                2
   c - Call Imp                       Summoning                    2
   d - Slow                           Hexes                        2
   e - Conjure Flame                  Conjuration/Fire             3
   f - Mephitic Cloud                 Conjuration/Poison/Air       3
Comestibles
 b - a meat ration
 k - a royal jelly


   Skills:
 + Level 1.0 Fighting
 + Level 3.6 Dodging
 + Level 4.0 Stealth
 + Level 0.8 Unarmed Combat
 + Level 5.6 Spellcasting
 + Level 2.4 Conjurations
 + Level 1.7 Hexes
 + Level 2.4 Summonings
 + Level 2.6 Translocations


You had 9 spell levels left.
You knew the following spells:

 Your Spells              Type           Power        Failure   Level  Hunger
a - Magic Dart            Conj           ###.         3%          1    None
b - Blink                 Tloc           N/A          5%          2    None
c - Call Imp              Summ           ###.....     6%          2    None
d - Slow                  Hex            ##......     8%          2    None


Dungeon Overview and Level Annotations

Branches:
Dungeon (5/15)             Temple (0/1) D:4

Altars:
Cheibriados
Kikubaaqudgha
Xom
Zin

Annotations:
D:5 Frank's ghost, novice OpFi


Innate Abilities, Weirdness & Mutations

You cannot wear armour.
You are incapable of wielding weapons or throwing items.
Your paws allow you to move quietly. (Stealth)
You have sharp claws.
You have razor-sharp teeth.
You have supernaturally acute eyesight. (SInv)
You are carnivorous and can eat meat at any time.
You cover ground quickly.
You are covered in thick fur. (AC +2)
You have a slow metabolism.
Your sharp claws are effective at attacking unaware monsters.


Message History

Unknown command.
The orc wizard hits your crimson imp but does no damage.
Your crimson imp hits the orc wizard.
You see here a hound corpse.
The orc wizard hits your crimson imp with a dagger.
The orc throws a tomahawk.
The tomahawk barely misses your crimson imp.
The tomahawk hits you.
The orc priest mumbles some strange prayers to Beogh against you.
Beogh smites you!
Ouch! That really hurt!
* * * LOW HITPOINT WARNING * * *
Your crimson imp barely misses the orc wizard.
The orc wizard miscasts a cantrip.
You see here a tomahawk.
The orc throws a tomahawk.
The tomahawk hits you.
* * * LOW HITPOINT WARNING * * *
The orc priest mumbles some strange prayers to Beogh against you.
Pain shoots through your body!
You die...

o.o...#.#...##.#.#.#
......#.#......#.#.#...#. #
...o.$......(........... .
########.####o..#.#.#...#.#
...#####.# #...#.#.#...#.#
.........# ##..#.#.#.....#
...##?..######†.#.#.##..###
#........o.5(#.#.......# ##
#....#####.o@#.#.....#.# #.
#....# #...........#.# #.
#....# #).....[...##.#####.
#.#### #..#....#...[.......
#.########..#....##.###...#..
#.#.....##..#....##.# #...#.#
#.#.........##<..##.# ###.#..
#.#..........##..##.# #.##.
#.#..............##.#####.#..


You could see an orc priest, an orc wizard, an orc and a friendly crimson imp.

Vanquished Creatures
  A phantom (D:4)
  A centaur zombie (D:4)
  A hound (D:4)
  2 orc wizards
  Robin (D:2)
  A gnoll (D:4)
  An adder (D:5)
  A shadow imp (D:5)
  An adder zombie (D:5)
  An ooze (D:3)
  3 worms
  3 dart slugs
  2 leopard geckos
  16 orcs
  11 giant cockroaches
  15 goblins
  18 hobgoblins
  15 jackals
  3 quokkas
  3 ball pythons
  9 bats
  3 frilled lizards
  11 kobolds
  6 rats
129 creatures vanquished.

Vanquished Creatures (collateral kills)
  A scorpion (D:4)
  A hound (D:5)
  An orc wizard (D:4)
  Terence (D:2)
  3 worker ants
  3 worms
  2 orcs
  A hobgoblin (D:4)
13 creatures vanquished.

Vanquished Creatures (others)
  5 two-headed ogres (D:4)
  An ogre mage (D:4)
  2 ogres (D:4)
  2 orc wizards (D:4)
  An adder (D:4)
  3 orcs (D:4)
  A giant cockroach (D:4)
  A quokka (D:4)
  A quokka skeleton (D:4)
17 creatures vanquished.

Grand Total: 159 creatures vanquished

Notes
Turn   | Place    | Note
-------+----------+-------------------------------------------
     0 | D:1      | equalderp2856 the Felid Wizard began the quest for the Orb.
     0 | D:1      | Reached XP level 1. HP: 7/7 MP: 5/5
   293 | D:1      | Reached XP level 2. HP: 11/11 MP: 1/7
   297 | D:1      | Learned a level 2 spell: Blink
   300 | D:1      | Learned a level 2 spell: Call Imp
   303 | D:1      | Learned a level 2 spell: Slow
   357 | D:1      | Reached skill level 1 in Conjurations
  1343 | D:1      | Reached XP level 3. HP: 14/14 MP: 0/9
  2700 | D:2      | Noticed Robin
  3082 | D:2      | Reached XP level 4. HP: 8/18 MP: 3/10
  3355 | D:2      | Noticed Terence
  3483 | D:2      | Killed Robin
  3483 | D:2      | Reached skill level 4 in Spellcasting
  5979 | D:2      | Killed Terence
  5979 | D:2      | Reached XP level 5. HP: 20/21 MP: 5/12
  6722 | D:4      | Reached skill level 1 in Hexes
  6855 | D:4      | HP: 1/21 [centaur zombie (7)]
  6859 | D:4      | Killed an ogre
  6886 | D:4      | Slain by a centaur zombie
  6887 | D:4      | Reached XP level 4. HP: -2/18 MP: 1/11
  6991 | D:4      | Found a snail-covered altar of Cheibriados.
  7029 | D:4      | Found an ancient bone altar of Kikubaaqudgha.
  7029 | D:4      | Found a glowing silver altar of Zin.
  7247 | D:4      | Found a staircase to the Ecumenical Temple.
  7259 | D:4      | Reached XP level 5. HP: 16/21 MP: 1/12
  7413 | D:4      | Noticed an orc warrior
  7883 | D:4      | Noticed a phantom
  8106 | D:4      | Found a shimmering altar of Xom.
  8180 | D:4      | Reached skill level 1 in Fighting
  9123 | D:5      | Entered Level 5 of the Dungeon
  9240 | D:5      | Noticed an ice beast
 10209 | D:5      | Noticed Frank's ghost (novice OpFi)
 10232 | D:4      | Reached skill level 5 in Spellcasting
 10670 | D:4      | Noticed an ogre
 11109 | D:5      | Gained mutation: You are covered in thick fur. (AC +2) [Felid growth]
 11109 | D:5      | Reached XP level 6. HP: 5/25 MP: 0/14
 13043 | D:4      | Killed a two-headed ogre
 13057 | D:4      | Killed a two-headed ogre
 13071 | D:4      | Killed a two-headed ogre
 13078 | D:4      | Killed a two-headed ogre
 13132 | D:4      | Killed a two-headed ogre
 13230 | D:4      | Killed an ogre mage
 13469 | D:5      | Killed from afar by an orc priest

Skill      XL: |  1  2  3  4  5  6 |
---------------+-------------------+-----
Stealth        | 3 4 |  4.0
Conjurations   | 1 2 |  2.4
Dodging        | 3 |  3.6
Spellcasting   | 4 5 |  5.6
Hexes          | 1 |  1.7
Translocations | 2 |  2.6
Fighting       | 1 |  1.0
Summonings     | 2 |  2.4
Unarmed Combat | |  0.8

Action                   |  1- 3 |  4- 6 || total
-------------------------+-------+-------++-------
Melee: Unarmed           |    42 |    70 ||   112
       Bite              |     2 |     7 ||     9
 Cast: Magic Dart        |   164 |   450 ||   614
       Call Imp          |       |    65 ||    65
       Slow              |       |    35 ||    35
       Blink             |       |    25 ||    25
  Use: Scroll            |     1 |       ||     1
 Stab: Sleeping          |       |     2 ||     2
  Eat: Chunk             |     7 |    18 ||    25
Armor: Skin              |     2 |     9 ||    11
Dodge: Dodged            |    61 |   191 ||   252
